AoeStats
← Dashimir

Arena

507871816Analyzed
3v3 RM · 13d ago on Sep 20, 2026· 53m 6s· 6 players
Game mode
Random Map
Map size
Normal (6 player)
Population
200
Speed
Normal
Resources
Standard
Victory
Conquest
Starting age
Dark Age
Ending age
Imperial Age
RankedLock teamsTeams togetherTeam positionsShared explorationLock speedFull tech treeHidden civsTurbo modeCheats
Victory
Defeat
🇧🇷 Mongols · Brazil
1312
+14
🇧🇷 Khmer · Brazil
1271
+16
🇧🇷 Koreans · Brazil
1219
+17
1279
-16
🇧🇷 Burmese · Brazil
1272
-16
🇨🇳 Gurjaras · China
1249
-15
KFE@_B4conz1to__
10:55 Feudal Age
14:29 Castle Age
12:30 Double-Bit Axe
12:55 Horse Collar
19:49 Bow Saw
19:53 Town Watch
21:05 Heavy Plow
22:16 Gold Mining
23:42 Wheelbarrow
25:42 Stone Mining
27:04 Stone Shaft Mining
27:06 Gold Shaft Mining
29:34 Imperial Age
26:51 Loom
26:59 Loom
28:18 Ballistics
28:10 Fletching
28:20 Padded Archer Armor
28:32 Murder Holes
29:22 Hand Cart
29:22 Bodkin Arrow
29:38 Bloodlines
29:29 Husbandry
30:00 Capped Ram
30:10 Elite Mangudai
30:43 Light Cavalry
32:00 Siege Ram
33:16 Bracer
36:08 Scale Barding Armor
36:18 Leather Archer Armor
36:14 Forging
37:06 Chemistry
36:12 Siege Engineers
35:42 Hussar
37:41 Chain Barding Armor
38:29 Masonry
39:16 Iron Casting
40:18 Conscription
42:29 Blast Furnace
42:01 Drill
42:45 Onager
44:35 Parthian Tactics
45:27 Hoardings
KFE@Vitalino
11:06 Feudal Age
14:34 Castle Age
12:24 Double-Bit Axe
21:53 Horse Collar
22:31 Bow Saw
24:17 Wheelbarrow
23:51 Gold Mining
25:15 Gold Shaft Mining
28:46 Stone Mining
29:23 Hand Cart
32:10 Imperial Age
29:50 Husbandry
29:57 Scale Barding Armor
30:54 Bloodlines
31:05 Heavy Plow
31:50 Stone Shaft Mining
31:38 Tusk Swords
32:18 Chain Barding Armor
32:41 Forging
33:48 Crop Rotation
32:48 Elite Battle Elephant
33:53 Conscription
35:15 Plate Barding Armor
36:54 Coinage
37:41 Iron Casting
36:52 Capped Ram
38:11 Fletching
39:25 Blast Furnace
39:12 Bodkin Arrow
38:58 Heavy Scorpion
41:13 Double Crossbow
42:05 Banking
43:00 Chemistry
42:06 Siege Engineers
41:24 Siege Ram
42:35 Masonry
49:09 Loom
49:09 Light Cavalry
49:57 Hussar
52:06 Bracer
52:32 Ballistics
KFE@_Doubt
11:15 Feudal Age
15:14 Castle Age
13:38 Double-Bit Axe
13:44 Loom
14:15 Horse Collar
14:51 Stone Mining
16:19 Bow Saw
22:39 Fletching
24:27 Wheelbarrow
23:40 Town Watch
25:36 Gold Mining
29:06 Imperial Age
26:40 Heavy Plow
27:34 Gold Shaft Mining
27:00 Bodkin Arrow
28:09 Hand Cart
29:57 Bracer
31:13 Husbandry
32:58 Chemistry
34:32 Conscription
40:58 Elite Skirmisher
42:16 Thumb Ring
48:34 Pikeman
49:14 Squires
49:01 Arson
49:03 Gambesons
49:53 Halberdier
52:18 Scale Mail Armor
52:29 Forging
Dashimir
11:25 Feudal Age
16:17 Castle Age
15:43 Gold Mining
17:11 Loom
19:06 Gold Shaft Mining
23:16 Padded Archer Armor
23:32 Horse Collar
27:25 Bloodlines
36:48 Wheelbarrow
35:59 Town Watch
37:15 Husbandry
38:07 Town Patrol
43:06 Imperial Age
40:49 Heavy Plow
42:49 Hand Cart
43:03 Scale Mail Armor
43:14 Forging
42:55 Fletching
43:52 Elite Arambai
44:53 Conscription
44:58 Pikeman
47:51 Light Cavalry
48:41 Scale Barding Armor
49:32 Hussar
UF.Divine.Retirado.EscalaAnark
10:21 Feudal Age
14:40 Castle Age
13:07 Double-Bit Axe
13:15 Horse Collar
21:53 Wheelbarrow
23:03 Hand Cart
22:36 Loom
22:37 Town Watch
23:28 Heavy Plow
24:36 Bow Saw
29:58 Imperial Age
27:32 Gold Mining
27:43 Fletching
28:43 Stone Mining
29:59 Bodkin Arrow
30:04 Scale Mail Armor
31:49 Conscription
32:16 Elite Skirmisher
32:58 Bracer
33:15 Chain Mail Armor
32:23 Man-at-Arms
33:04 Squires
34:24 Ballistics
33:49 Pikeman
34:42 Padded Archer Armor
34:53 Forging
35:28 Murder Holes
39:31 Plate Mail Armor
39:16 Leather Archer Armor
40:17 Two-Man Saw
40:17 Halberdier
42:32 Iron Casting
42:28 Ring Archer Armor
47:48 Guilds
C.C.
10:46 Feudal Age
12:44 Double-Bit Axe
15:13 Castle Age
12:59 Horse Collar
17:35 Stone Mining
18:08 Loom
22:12 Bow Saw
23:33 Wheelbarrow
24:19 Heavy Plow
24:10 Gold Mining
28:29 Imperial Age
26:24 Scale Barding Armor
26:56 Hand Cart
27:48 Gold Shaft Mining
27:38 Forging
27:56 Husbandry
28:07 Bloodlines
28:25 Kshatriyas
29:00 Bloodlines
30:00 Conscription
29:40 Elite Shrivamsha Rider
31:21 Chain Barding Armor
33:15 Iron Casting
34:54 Plate Barding Armor
35:15 Heavy Camel Rider
36:49 Crop Rotation
36:02 Light Cavalry
40:04 Frontier Guards
41:25 Fletching
42:34 Bodkin Arrow
43:18 Stone Shaft Mining
43:38 Hussar
44:56 Caravan
Connection lost

Rejoining the realm…

Still unreachable

The connection could not be restored.

Session expired

The server has moved on; the page needs a fresh start.